AoeStats
← Ana Catalina

Arena

508924497Analyzed
4v4 RM · 7d ago on Sep 24, 2026· 155m 20s· 8 players
Game mode
Random Map
Map size
Large (8 player)
Population
200
Speed
Normal
Resources
Standard
Victory
Conquest
Starting age
Dark Age
Ending age
Imperial Age
RankedLock teamsTeams togetherTeam positionsShared explorationLock speedFull tech treeHidden civsTurbo modeCheats
Victory
Defeat
🇵🇱 Poles · Poland
713
+15
🇨🇭 Bohemians · Switzerland
626
+18
🇦🇷 Bohemians · Argentina
608
+19
🇫🇷 Khmer · France
601
+19
🇨🇳 Aztecs · China
735
-21
🇩🇪 Danes · Germany
715
-19
🇮🇳 Lithuanians · India
698
-19
🇦🇷 Aztecs · Argentina
545
-12
MetBlue
12:10 Feudal Age
12:42 Double-Bit Axe
12:44 Horse Collar
16:53 Wheelbarrow
22:36 Castle Age
20:22 Town Watch
20:23 Loom
22:01 Scale Mail Armor
22:12 Forging
22:09 Scale Barding Armor
21:56 Fletching
23:31 Pikeman
24:12 Squires
24:31 Bow Saw
25:34 Caravan
26:03 Husbandry
28:46 Hand Cart
30:01 Heavy Plow
31:59 Chemistry
31:18 Arson
31:37 Crossbowman
34:16 Bodkin Arrow
35:13 Iron Casting
39:28 Imperial Age
38:27 Chain Barding Armor
38:24 Fortified Wall
41:27 Two-Man Saw
40:20 Cavalier
42:19 Blast Furnace
41:35 Chain Mail Armor
43:47 Conscription
43:33 Wagenburg Tactics
44:26 Elite Hussite Wagon
47:17 Plate Mail Armor
46:48 Bracer
46:49 Padded Archer Armor
47:37 Halberdier
52:40 Arbalester
55:53 Leather Archer Armor
76:33 Houfnice
111:43 Coinage
111:24 Guilds
121:28 Ring Archer Armor
121:46 Town Patrol
147:28 Masonry
147:40 Ballistics
147:41 Bombard Tower
147:28 Siege Engineers
Cherr
11:41 Feudal Age
12:20 Loom
17:57 Castle Age
17:44 Horse Collar
17:52 Double-Bit Axe
20:16 Bow Saw
20:09 Heavy Plow
23:37 Gold Mining
25:13 Szlachta Privileges
27:17 Fletching
28:28 Wheelbarrow
28:53 Bloodlines
29:28 Ballistics
29:52 Light Cavalry
30:50 Scale Barding Armor
30:48 Padded Archer Armor
33:32 Fortified Wall
33:03 Treadmill Crane
38:18 Elite Skirmisher
38:58 Crossbowman
39:43 Husbandry
39:45 Bodkin Arrow
40:11 Chain Barding Armor
44:02 Imperial Age
45:57 Chemistry
44:40 Cavalier
45:56 Stone Mining
51:34 Thumb Ring
54:27 Arbalester
55:40 Bombard Tower
57:25 Conscription
56:44 Pikeman
58:39 Hoardings
61:49 Hand Cart
63:28 Forging
63:19 Bracer
67:33 Caravan
68:58 Winged Hussar
75:12 Leather Archer Armor
75:32 Iron Casting
85:32 Scale Mail Armor
88:26 Elite Obuch
98:09 Town Watch
106:47 Capped Ram
j55/tyl777
8:37 Loom
13:42 Feudal Age
17:34 Castle Age
17:13 Double-Bit Axe
22:44 Wheelbarrow
22:09 Horse Collar
23:28 Bow Saw
23:53 Heavy Plow
26:41 Hand Cart
30:01 Fletching
30:54 Masonry
32:37 Ballistics
32:33 Gold Mining
35:40 Gold Shaft Mining
37:53 Imperial Age
41:20 Chemistry
40:26 Siege Engineers
40:41 Double Crossbow
45:23 Heavy Scorpion
65:36 Cavalier
66:19 Husbandry
66:32 Bloodlines
70:11 Scale Barding Armor
70:17 Forging
74:25 Chain Barding Armor
74:42 Iron Casting
83:11 Light Cavalry
84:01 Hussar
95:05 Crop Rotation
102:53 Plate Barding Armor
147:50 Blast Furnace
ZayaTruco
10:01 Feudal Age
13:07 Wheelbarrow
17:57 Horse Collar
20:51 Castle Age
22:31 Hand Cart
22:23 Heavy Plow
24:37 Caravan
25:07 Coinage
24:42 Double-Bit Axe
29:49 Fletching
30:00 Padded Archer Armor
33:19 Imperial Age
30:48 Bodkin Arrow
30:58 Squires
30:43 Arson
30:20 Pikeman
33:43 Leather Archer Armor
34:48 Bow Saw
34:46 Bracer
35:17 Ring Archer Armor
36:00 Ring Archer Armor
35:45 Fortified Wall
39:19 Ballistics
40:08 Chemistry
39:18 Wagenburg Tactics
39:33 Conscription
38:47 Elite Hussite Wagon
43:22 Siege Engineers
49:32 Halberdier
50:26 Forging
50:17 Scale Mail Armor
52:54 Iron Casting
52:34 Chain Mail Armor
55:37 Plate Mail Armor
58:04 Blast Furnace
59:18 Banking
58:58 Guilds
76:21 Two-Man Saw
82:21 Guard Tower
83:02 Bombard Tower
84:30 Keep
85:49 Keep
85:35 Bombard Tower
85:53 Keep
85:47 Murder Holes
102:57 Masonry
109:08 Houfnice
Ana Catalina
0:39 Loom
15:00 Feudal Age
17:24 Horse Collar
23:36 Castle Age
21:30 Stone Mining
21:34 Double-Bit Axe
22:04 Town Watch
23:51 Pikeman
26:35 Fletching
26:46 Padded Archer Armor
27:42 Bodkin Arrow
29:08 Heavy Plow
30:28 Gold Mining
32:36 Forging
32:28 Scale Mail Armor
37:25 Imperial Age
36:05 Iron Casting
35:46 Leather Archer Armor
38:28 Bracer
38:58 Ring Archer Armor
39:30 Blast Furnace
37:54 Cranequins
42:02 Bow Saw
41:27 Hamask
45:02 Gold Shaft Mining
45:02 Chain Mail Armor
45:41 Scale Barding Armor
45:14 Halberdier
47:31 Wheelbarrow
47:27 Thumb Ring
50:21 Elite Jomsviking
51:54 Heavy Mounted Crossbowman
54:49 Chemistry
54:09 Ballistics
56:31 Plate Mail Armor
58:58 Elite Varangian Guard
64:14 Northmen's Fury
65:29 Chain Barding Armor
65:23 Masonry
75:43 Arson
89:35 Arson
90:30 Plate Barding Armor
89:38 Elite Skirmisher
95:25 Squires
101:31 Caravan
102:01 Coinage
101:04 Capped Ram
101:09 Onager
106:08 Gambesons
107:04 Capped Ram
108:47 Siege Ram
125:26 Banking
huntsman112
7:41 Loom
10:38 Feudal Age
11:24 Feudal Age
16:26 Castle Age
14:50 Horse Collar
16:53 Gold Mining
16:51 Double-Bit Axe
17:26 Forging
18:20 Bow Saw
20:11 Wheelbarrow
29:14 Scale Barding Armor
29:45 Iron Casting
29:19 Stone Mining
30:40 Stone Shaft Mining
30:48 Chain Barding Armor
31:12 Scale Mail Armor
32:07 Heavy Plow
32:29 Husbandry
32:40 Bloodlines
33:49 Hand Cart
33:21 Town Watch
36:31 Town Patrol
42:48 Imperial Age
43:58 Cavalier
45:33 Paladin
51:11 Conscription
72:19 Elite Skirmisher
88:45 Thumb Ring
89:08 Ballistics
89:02 Caravan
100:21 Plate Barding Armor
117:03 Chemistry
132:25 Murder Holes
休闲海
12:35 Loom
14:20 Feudal Age
15:41 Double-Bit Axe
16:33 Stone Mining
17:12 Horse Collar
22:36 Castle Age
21:43 Gold Mining
24:18 Stone Shaft Mining
24:54 Gold Shaft Mining
27:07 Bow Saw
28:10 Elite Skirmisher
29:54 Caravan
31:02 Heavy Plow
34:23 Imperial Age
35:21 Coinage
34:58 Treadmill Crane
35:30 Fortified Wall
35:11 Capped Ram
37:33 Wheelbarrow
39:55 Garland Wars
40:16 Hand Cart
41:21 Fletching
41:42 Forging
41:57 Ballistics
43:42 Bodkin Arrow
43:48 Padded Archer Armor
44:21 Elite Jaguar Warrior
45:02 Atlatl
46:42 Banking
47:59 Iron Casting
47:25 Bracer
47:40 Herbal Medicine
49:12 Crop Rotation
49:59 Chemistry
49:05 Siege Engineers
51:21 Blast Furnace
50:37 Leather Archer Armor
50:22 Scale Mail Armor
51:13 Onager
54:48 Siege Onager
58:14 Chain Mail Armor
57:59 Murder Holes
57:50 Arrowslits
75:58 Squires
75:19 Pikeman
75:45 Arson
75:46 Gambesons
75:22 Man-at-Arms
84:21 Long Swordsman
86:19 Two-Handed Swordsman
88:05 Champion
93:58 Plate Mail Armor
107:52 Crossbowman
112:32 Arbalester
solanosolano89
0:50 Loom
11:21 Feudal Age
12:15 Double-Bit Axe
13:47 Scale Mail Armor
15:07 Wheelbarrow
14:53 Town Watch
17:50 Horse Collar
18:52 Arson
20:21 Forging
25:15 Castle Age
23:48 Gold Mining
23:49 Stone Mining
24:49 Padded Archer Armor
26:23 Bow Saw
26:52 Gold Shaft Mining
26:42 Chain Mail Armor
28:01 Hand Cart
28:03 Eagle Warrior
30:10 Iron Casting
33:13 Treadmill Crane
39:27 Imperial Age
39:16 Fletching
40:17 Town Patrol
39:48 Capped Ram
40:19 Elite Eagle Warrior
41:14 Squires
43:21 Blast Furnace
42:52 Plate Mail Armor
43:18 Stone Shaft Mining
47:31 Chemistry
46:35 Heavy Plow
49:25 Pikeman
50:11 Bodkin Arrow
50:47 Plate Mail Armor
52:19 Crop Rotation
55:19 Siege Ram
58:40 Garland Wars
Connection lost

Rejoining the realm…

Still unreachable

The connection could not be restored.

Session expired

The server has moved on; the page needs a fresh start.